 Dungeon Crawl Stone Soup version 0.32-a0 (webtiles) character file.

Game seed: 6046610279019069702

576 Jannitor the Conjurer (level 7, 0/15 (53) HPs)
             Began as a Demonspawn Reaver on Jan 11, 2024.
             Slain by a hound (2 damage)
             ... on level 4 of the Dungeon on Jan 13, 2024.
             The game lasted 00:09:07 (4285 turns).

Jannitor the Conjurer (Demonspawn Reaver)           Turns: 4285, Time: 00:09:08

HP:   0/15 (53)     AC:  6    Str: 13      XL:     7   Next: 12%
MP:   12/12         EV: 10    Int: 13 (15) God:
Gold: 237           SH:  0    Dex:  8 (11) Spells: 7/12 levels left

rFire   + . .        a - +1 mace
rCold   . . .        (no shield)
rNeg    . . .        r - +1 ring mail {rF+}
rPois   .            (helmet restricted)
rElec   .            (no cloak)
rCorr   .            (no gloves)
SInv    .            (no boots)
Will    .....        (no amulet) Stlth
                     (no ring)
HPRegen 0.22/turn    (no ring)
MPRegen 0.13/turn

%: no passive effects
@: extremely drained
A: horns 2, powered by death 1, wild magic 1
a: no special abilities


You were on level 4 of the Dungeon.
You visited 2 branches of the dungeon, and saw 7 of its levels.

You collected 237 gold pieces.

Inventory:

Hand Weapons
 a - a +1 mace (weapon)
Missiles
 e - 5 poisoned darts
 q - a throwing net
Armour
 b - a +0 leather armour
 r - a +1 ring mail of fire resistance (worn)
Scrolls
 h - a scroll of vulnerability


   Skills:
 + Level 3.7 Fighting
 + Level 4.0 Maces & Flails
 * Level 2.6 Armour
 - Level 2.6 Dodging
 + Level 3.4 Spellcasting
 + Level 4.3 Conjurations
 + Level 1.0 Necromancy


You had 7 spell levels left.
You knew the following spells:

 Your Spells              Type           Power      Damage    Failure   Level
a - Kiss of Death         Conj/Necr      48%        2d9       22%         1
b - Animate Dead          Necr           6%         N/A       98%         4

Your spell library contained the following spells:

 Spells                   Type           Power      Damage    Failure   Level
 Momentum Strike          Conj/Tloc      20%        3d8       36%         2
 Freeze                   Ice            8%         1d3       50%         1
 Dazzling Flash           Conj/Hex       20%        N/A       58%         3
 Hailstorm                Conj/Ice       10%        3d6       58%         3
 Scorch                   Fire           4%         2d5       65%         2
 Mephitic Cloud           Conj/Alch/Air  7%         N/A       67%         3
 Frozen Ramparts          Ice            4%         1d1       86%         3
 Flame Wave               Conj/Fire      10%        2d6       92%         4
 Curse of Agony           Necr           6%         N/A       100%        5
 Silence                  Hex/Air        1%         N/A       100%        5
 Summon Cactus Giant      Summ           1%         N/A       100%        6
 Haunt                    Necr/Summ      2%         N/A       100%        7
 Infestation              Necr           3%         N/A       100%        8


Dungeon Overview and Level Annotations

Branches:
Dungeon (6/15)             Temple (1/1) D:4

Altars:
Ashenzari
Cheibriados
Dithmenos
Fedhas
Gozag
Hepliaklqana
Kikubaaqudgha
Nemelex Xobeh
Okawaru
Qazlal
Ru
Sif Muna
Trog
Uskayaw
Wu Jian
Xom
Yredelemnul

Shops:
D:6 *

Annotations:
D:5 exclusion: door
D:6 Pikel, Sigmund


Innate Abilities, Weirdness & Mutations

You have a pair of horns on your head.
You regenerate a little health from kills.
Your spells are a little harder to cast, but a little more powerful.


Message History

Press: ? - help, Shift-Dir - straight line, f/p - scorpion
Aim: a scorpion (severely wounded, lightly drained, 100% to hit)
The negative energy hits the scorpion.
The scorpion is drained!
You kill the scorpion!
You feel drained.
You feel your intelligence returning.
Your Maces & Flails skill increases to level 4!
Your Necromancy skill increases to level 1!
You start resting.
HP restored.
You start resting.
Magic restored.
You see here a +0 flail.
You see here a +0 hand axe.
You see here a +0 hand axe.
You see here a +0 trident.
The hound barks!
A hound is nearby!
There is a stone staircase leading up here.
The hound bites you but does no damage. The hound bites you.
You climb upwards.
There is a stone staircase leading down here.
Unknown command.
You hit the hound but do no damage.
The hound bites you but does no damage. x2
You barely miss the hound. Your headbutt misses the hound.
The hound bites you but does no damage. The hound barely misses you.
You hit the hound. Your headbutt misses the hound.
The hound is moderately wounded.
The hound bites you. The hound closely misses you.
You barely miss the hound.
The hound is moderately wounded.
The hound bites you.
* * * LOW HITPOINT WARNING * * *
You are too injured to fight recklessly!
You hit the hound. Your headbutt misses the hound.
The hound is moderately wounded.
The hound bites you.
* * * LOW HITPOINT WARNING * * *
The hound bites you.
You die...

#........##...##.........
#........##...##.........
#...##'####...#..........
#...##...##...#..........
#.............#.....###''
#...##........#.....#....
##+###........#.....#....
#........##...###...#PP..
#.......@##...###...#....
#...##.h.##...[.....#....
#...##..<##...).....#....
#...##..............P####
#...##...................
#....................#...
#.)..................'...
#...##...##....####.##.##
#...##...##....####.##.##


You could see a hound.

Vanquished Creatures
  A water moccasin (D:5)
  A sky beast (D:6)
  A phantom (D:5)
  A scorpion (D:5)
  A sleepcap (D:4)
  An iguana (D:5)
  An orc wizard (D:5)
  7 adders
  A white imp (D:6)
  A dart slug (D:1)
  A ribbon worm (D:4)
  14 orcs
  6 bats
  3 endoplasms
  7 giant cockroaches
  4 goblins
  3 hobgoblins
  3 quokkas
  5 ball pythons
  4 frilled lizards
  3 kobolds
  A rat (D:2)
70 creatures vanquished.

Vanquished Creatures (others)
  An orc wizard (D:6)
1 creature vanquished.

Grand Total: 71 creatures vanquished

Notes
Turn   | Place    | Note
-------+----------+-------------------------------------------
     0 | D:1      | Jannitor the Demonspawn Reaver began the quest for the Orb.
     0 | D:1      | Reached XP level 1. HP: 16/16 MP: 3/3
   326 | D:1      | Gained mutation: You have a pair of small horns on your
                  | head. [demonic ancestry]
   326 | D:1      | Reached XP level 2. HP: 22/22 MP: 5/5
   793 | D:2      | Found a faded altar of an unknown god.
   975 | D:2      | Reached XP level 3. HP: 28/28 MP: 6/6
  1565 | D:3      | Reached XP level 4. HP: 32/34 MP: 7/7
  1589 | D:3      | Noticed an ogre
  1738 | D:3      | Found a broken altar of Ashenzari.
  2242 | D:4      | Found a staircase to the Ecumenical Temple.
  2252 | Temple   | Entered the Ecumenical Temple
  2403 | D:4      | Found a hide-covered altar of Uskayaw.
  2765 | D:4      | Reached XP level 5. HP: 18/34 MP: 6/9
  3195 | D:5      | Entered Level 5 of the Dungeon
  3195 | D:5      | Noticed a water moccasin
  3486 | D:5      | Killed a water moccasin
  3487 | D:5      | Reached skill level 1 in Armour
  3487 | D:5      | Gained mutation: You have a pair of horns on your head.
                  | [demonic ancestry]
  3487 | D:5      | Reached XP level 6. HP: 17/36 MP: 5/10
  3586 | D:5      | Gained mutation: Your spells are a little harder to cast,
                  | but a little more powerful. [potion of mutation]
  3766 | D:5      | Upgraded the game from 0.31-a0-1620-gcbf77bbcfc to 0.32-a0
  3810 | D:6      | Learned a level 4 spell: Animate Dead
  3868 | D:6      | Noticed Pikel
  3871 | D:6      | Found Ladeap's General Store.
  3898 | D:6      | HP: 2/43 [white imp/puff of frost (10)]
  4038 | D:6      | Noticed a sky beast
  4049 | D:6      | Killed a sky beast
  4050 | D:6      | Gained mutation: You regenerate a little health from kills.
                  | [demonic ancestry]
  4050 | D:6      | Reached XP level 7. HP: 9/25 MP: 4/12
  4077 | D:6      | Noticed Sigmund
  4229 | D:5      | Reached skill level 1 in Necromancy
  4285 | D:4      | Slain by a hound

Illustrated notes

Levels and vault maps discovered:
D:1:      giann_wishing_wells, layout_basic, dk_noncrumbling_3,
          nicolae_concentric_dashed_squares_mild
D:2:      layout_basic, ebering_ecumenical_altar_hall
D:3:      layout_loops_ring, ashenzari_conservatory_becter,
          nicolae_kite_square_tiling_tiny, st_stairs_8
D:4:      cheibrodos_old_hovel, layout_gridville, general_overflow_altar,
          minmay_temple_entry_offerings
D:5:      layout_basic, grunt_temple_overflow_lords_of_destruction
D:6:      layout_cave_pools, serial_shops, nicolae_shop_bloodbath_and_beyond,
          nicolae_square_shop, gup_sewer_entry_spiral,
          kennysheep_generic_room_5, uniq_pikel, uniq_sigmund
Temple:   minmay_temple_bridge_d

Skill      XL: |  1  2  3  4  5  6  7 |
---------------+----------------------+-----
Dodging        | 2 |  2.6
Maces & Flails | 3 4 |  4.0
Fighting       | 3 |  3.7
Armour         | 1 2 |  2.6
Spellcasting   | 3 |  3.4
Conjurations   | 4 |  4.3
Necromancy     | 1 |  1.0

Action                     |  1- 3 |  4- 6 |  7- 9 || total
---------------------------+-------+-------+-------++-------
  Melee: Mace              |   113 |   172 |     7 ||   292
         Headbutt          |     8 |    21 |     1 ||    30
         Punch             |       |     4 |       ||     4
   Cast: Kiss of Death     |       |    11 |     2 ||    13
    Use: Potion            |       |    10 |       ||    10
         Scroll            |       |     7 |     5 ||    12
 Armour: Leather armour    |    71 |    57 |       ||   128
         Ring mail         |       |    73 |    14 ||    87
         Skin              |       |    87 |       ||    87
  Dodge: Dodged            |    82 |   106 |     6 ||   194

Table legend: (Time is in decaauts)
 A = Elapsed time spent in this place.
 B = Non-inter-level travel time spent in this place.
 C = Inter-level travel time spent in this place.
 D = Time resting spent in this place.
 E = Time spent auto-exploring this place.
 F = Levels seen in this place.
 G = Mean time per level.
                   A        B        C        D        E       F      G
               +--------+--------+--------+--------+--------+-----+--------+
         Total |   4343 |   4143 |    200 |    356 |   2840 |   7 |  620.4 |
       Dungeon |   4335 |   4135 |    200 |    356 |   2840 |   6 |  722.5 |
        Temple |      7 |      7 |      0 |      0 |      0 |   1 |    7.0 |
               +--------+--------+--------+--------+--------+-----+--------+

Top non-repeatable levels by time:
     D:4: 1056 daAuts
     D:3: 789 daAuts
     D:5: 787 daAuts
     D:2: 755 daAuts
     D:1: 660 daAuts
     D:6: 287 daAuts
  Temple: 7 daAuts
